 Seeded DCSS version 0.24-a0-582-g4d4af81 (webtiles) character file.

Game seed: 4157227176471980345

536 DrEnzyme the Cutter (level 7, -2/46 HPs)
             Began as a Halfling Fighter on Aug 25, 2019.
             Was an Initiate of Okawaru.
             Slain by a mummy (11 damage)
             ... in an ossuary.
             The game lasted 00:18:54 (4769 turns).

DrEnzyme the Cutter (Halfling Fighter)              Turns: 4769, Time: 00:18:55

Health: -2/46      AC:  9    Str: 19    XL:     7   Next: 50%
Magic:  7/7        EV: 10    Int: 12    God:    Okawaru [......]
Gold:   203        SH: 10    Dex: 14    Spells: 6/6 levels left

rFire    . . .     SeeInvis +   a - +0 rapier
rCold    . . .     Gourm    .   c - +0 shield
rNeg     + . .     Faith    .   t - +1 scale mail of Dogma {rN+ Regen+ Int+3 SInv}
rPois    .         Spirit   .   (no helmet)
rElec    .         Reflect  .   (no cloak)
rCorr    .         Harm     .   (no gloves)
MR       .....                  s - +0 pair of boots
Stlth    +.........             (no amulet)
HPRegen  0.55/turn              w - +3 ring of intelligence
MPRegen  0.10/turn              (no ring)

@: no status effects
A: small, mutation resistance 1
a: Renounce Religion


You were in an ossuary.
You worshipped Okawaru.
Okawaru was noncommittal.
You were not hungry.

You visited 1 branch of the dungeon, and saw 5 of its levels.
You also visited: Ossuary.

You collected 203 gold pieces.

Inventory:

Hand Weapons
 a - a +0 rapier (weapon)
 r - a +0 hunting sling
Missiles
 l - 5 boomerangs
 q - 18 poisoned darts (quivered)
Armour
 b - a +0 scale mail
 c - a +0 shield (worn)
 s - a +0 pair of boots (worn)
 t - the +1 scale mail of Dogma (worn) {rN+ Regen+ Int+3 SInv}
   (You found it on level 4 of the Dungeon)

   It affects your intelligence (+3).
   It protects you from negative energy.
   It lets you see invisible.
   It increases your rate of regeneration.
Jewellery
 m - an uncursed amulet of harm
 w - a +3 ring of intelligence (left hand)
Scrolls
 e - 2 scrolls of remove curse
 g - a scroll of enchant weapon {unknown}
 j - a scroll of magic mapping
 n - a scroll of teleportation {unknown}
 o - a scroll of enchant armour {unknown}
Potions
 d - 2 potions of curing
 h - 2 potions of cancellation
 k - 2 potions of heal wounds
 p - a potion of mutation {unknown}
 v - a potion of haste {unknown}
 y - a potion of degeneration {unknown}
 z - a potion of might
Comestibles
 f - 11 rations


   Skills:
 + Level 3.6 Fighting
 + Level 5.7 Short Blades
 + Level 1.6 Throwing
 + Level 4.2 Armour
 + Level 1.4 Dodging
 * Level 3.2 Stealth
 + Level 4.4 Shields


You had 6 spell levels left.
You didn't know any spells.
Your spell library was empty.

Dungeon Overview and Level Annotations

Branches:
Dungeon (5/15)             Temple (0/1) D:5         Ossuary (1/1)

Altars:
Ashenzari
Elyvilon
Okawaru
Uskayaw
Vehumet
Yredelemnul
The Shining One

Annotations:
D:3 Grinder


Innate Abilities, Weirdness & Mutations

You are small and have problems with some larger weapons.
You are somewhat resistant to further mutation.


Message History

The mummy is severely damaged.
You hit the mummy but do no damage.
The mummy is severely damaged.
The mummy hits you!
You closely miss the mummy.
The mummy is severely damaged.
The mummy hits you!
* * * LOW HITPOINT WARNING * * *
Evoke which item? (* to show all) (? for menu, Esc to quit)
Aiming: Enslavement
Press: ? - help, Shift-Dir - straight line, f - mummy
Aim: a mummy (severely damaged, chance to defeat MR: 46%)
The mummy resists with some effort.
Evoke which item? (* to show all) (? for menu, Esc to quit)
Aiming: Enslavement
Press: ? - help, Shift-Dir - straight line, f/p - mummy
Aim: a mummy (severely damaged, chance to defeat MR: 46%)
The mummy resists with some effort.
The now-empty wand crumbles to dust.
The mummy hits you!
You die...

#..###.......##
+...#.........#
#...'....⌠...^+
+.^.#.........#
#..###.......#
+.## ##.....##
#M ###'### #.
#M# !. ##@## .?
#.∩.# ### #.∩.#
#####


You could see a mummy.

Vanquished Creatures
  A sky beast (D:5)
  A crimson imp (D:5)
  2 hounds (D:4)
  A centaur skeleton (D:4)
  Natasha (twice) (D:4)
  Terence (D:2)
  2 worker ants
  2 mummies (Ossuary)
  Robin (D:3)
  8 adders
  An ooze (D:2)
  2 adder skeletons (D:4)
  2 dart slugs
  2 leopard geckos
  6 orcs
  7 giant cockroaches
  12 goblins
  9 hobgoblins
  3 jackals (D:2)
  3 bats
  4 frilled lizards
  7 kobolds
  2 rats
  2 rat zombies (D:5)
83 creatures vanquished.

Vanquished Creatures (others)
  A mummy (Ossuary)
1 creature vanquished.

Grand Total: 84 creatures vanquished

Notes
Turn   | Place    | Note
-------+----------+-------------------------------------------
     0 | D:1      | DrEnzyme the Halfling Fighter began the quest for the Orb.
     0 | D:1      | Reached XP level 1. HP: 15/15 MP: 1/1
   212 | D:1      | Reached XP level 2. HP: 19/20 MP: 2/2
   999 | D:2      | Reached XP level 3. HP: 26/26 MP: 3/3
  1337 | D:2      | Found a hide-covered altar of Uskayaw.
  1337 | D:2      | Found a glowing golden altar of the Shining One.
  1338 | D:2      | Found a shattered altar of Ashenzari.
  1542 | D:2      | Noticed Terence
  1710 | D:2      | Reached skill level 3 in Short Blades
  1710 | D:2      | Reached skill level 1 in Stealth
  1710 | D:2      | Reached XP level 4. HP: 31/31 MP: 4/4
  1921 | D:3      | Found a basalt altar of Yredelemnul.
  2038 | D:3      | Found a white marble altar of Elyvilon.
  2081 | D:3      | Found a radiant altar of Vehumet.
  2081 | D:3      | Noticed Robin
  2082 | D:3      | Reached XP level 5. HP: 36/36 MP: 5/5
  2125 | D:3      | Reached skill level 4 in Short Blades
  2137 | D:3      | Killed Robin
  2680 | D:3      | Noticed Grinder
  2898 | D:2      | Killed Terence
  3479 | D:4      | Noticed a phantom
  3571 | D:4      | Reached skill level 1 in Dodging
  3571 | D:4      | Reached XP level 6. HP: 39/42 MP: 6/6
  3610 | D:4      | Reached skill level 5 in Short Blades
  3618 | D:4      | Noticed Natasha
  3625 | D:4      | Killed Natasha
  4003 | D:4      | Found an iron altar of Okawaru.
  4013 | D:4      | Got a smoking scale mail
  4024 | D:4      | Identified the +1 scale mail of Dogma {rN+ Regen+ Int+3
                  | SInv} (You found it on level 4 of the Dungeon)
  4058 | D:4      | Became a worshipper of Warmaster Okawaru
  4189 | D:4      | Noticed Natasha
  4198 | D:4      | Killed Natasha
  4424 | D:5      | Entered Level 5 of the Dungeon
  4425 | D:5      | Found a staircase to the Ecumenical Temple.
  4433 | D:5      | Noticed a sky beast
  4461 | D:5      | Killed a sky beast
  4461 | D:5      | Reached XP level 7. HP: 38/46 MP: 7/7
  4468 | D:5      | Reached skill level 1 in Throwing
  4661 | D:5      | Found a sand-covered staircase.
  4687 | Ossuary  | Entered an ossuary
  4769 | Ossuary  | Slain by a mummy

Levels and vault maps discovered:
D:1:      minmay_arrival_radiant_lines, layout_basic
D:2:      layout_basic, gammafunk_temple_overflow_claw, first_ration,
          uniq_terence
D:3:      layout_basic, lemuel_doored_altar, nicolae_overflow_crystal_walls,
          elyvilon_altar_5, portal_sewer_entry_b, chequers_garden, uniq_robin,
          uniq_grinder
D:4:      layout_basic, okawaru_gym_becter, serial_curves, eino_curves_04,
          eino_curves_04, ebering_dispersal_statue_hall, uniq_natasha
D:5:      layout_basic, kennysheep_mini_moat,
          minmay_temple_entry_gardened_gates, enter_ossuary_4, uniq_eustachio,
          uniq_edmund, uniq_blork_the_orc, uniq_sigmund
Ossuary:  ossuary_crypta

Skill      XL: |  1  2  3  4  5  6  7 |
---------------+----------------------+-----
Fighting       | 3 |  3.6
Short Blades   | 3 4 5 |  5.7
Stealth        | 1 2 3 |  3.2
Dodging        | 1 |  1.4
Shields        | 4 |  4.4
Armour         | 4 |  4.2
Throwing       | 1 |  1.6

Action                   |  1- 3 |  4- 6 |  7- 9 || total
-------------------------+-------+-------+-------++-------
Melee: Rapier            |    92 |   259 |    45 ||   396
Throw: Boomerang         |     1 |       |       ||     1
       Dart              |       |    19 |       ||    19
Evoke: Wand              |       |       |     4 ||     4
  Use: Potion            |     2 |       |       ||     2
       Scroll            |       |     6 |     1 ||     7
  Eat: Chunk             |     1 |    10 |     2 ||    13
Armor: Scale mail        |    37 |    59 |     7 ||   103
Dodge: Dodged            |    35 |    91 |     8 ||   134
Block: Shield            |    52 |   135 |    12 ||   199

Table legend:
 A = Non-vault XP
 B = Vault XP
 C = Vault XP percentage of total XP
 D = Non-vault monster count
 E = Vault monster count
 F = Vault count percentage of total count
                 A         B        C        D         E       F
            +---------+---------+-------+---------+---------+-------
      Total |     631 |     136 |  17.7 |      70 |      13 |  15.7
            +---------+---------+-------+---------+---------+-------
        D:1 |      26 |       0 |   0.0 |      15 |       0 |   0.0
        D:2 |     127 |      36 |  22.1 |      24 |       1 |   4.0
        D:3 |      46 |      26 |  36.1 |      15 |       7 |  31.8
        D:4 |     202 |      36 |  15.1 |      10 |       1 |   9.1
        D:5 |     230 |       2 |   0.9 |       6 |       2 |  25.0
    Ossuary |       0 |      36 | 100.0 |       0 |       2 | 100.0
            +---------+---------+-------+---------+---------+-------
